 Dungeon Crawl Stone Soup version 0.32-a0-468-g38b2580584 (webtiles) character file.

Game seed: 8401985127651491324

105 CougarLife the Trooper (level 4, 0/29 HPs)
             Began as a Gargoyle Berserker on Feb 24, 2024.
             Was a Believer of Trog.
             Slain by a bombardier beetle (1 damage)
             ... on level 3 of the Dungeon.
             The game lasted 00:03:22 (2277 turns).

CougarLife the Trooper (Gargoyle Berserker)         Turns: 2277, Time: 00:03:23

Health: 0/29       AC: 10    Str: 22    XL:     4   Next: 81%
Magic:  4/4        EV: 11    Int:  8    God:    Trog [**....]
Gold:   93         SH:  0    Dex:  9    Spells: 3/3 levels left

rFire   . . .        h - +0 hand axe (vamp)
rCold   . . .        (no shield)
rNeg    + . .        e - +0 ring mail
rPois   ∞            i - +0 helmet
rElec   +            (no cloak)
rCorr   +            (no gloves)
SInv    .            (no boots)
Will    .....        (no amulet) Stlth
                     d - ring of resist corrosion
HPRegen 0.24/turn    (no ring)
MPRegen 0.09/turn

%: no passive effects
@: on fire, glowing
A: sickness immunity, AC +3, negative energy resistance 1, electricity
resistance, torment resistance 1, petrification resistance
a: Renounce Religion, Berserk, Trog's Hand


You were on level 3 of the Dungeon.
You worshipped Trog.
Trog was pleased with you.
You visited 1 branch of the dungeon, and saw 3 of its levels.

You collected 93 gold pieces.

Inventory:

Hand Weapons
 h - a +0 vampiric hand axe (weapon)
Armour
 e - a +0 ring mail (worn)
 i - a +0 helmet (worn)
Jewellery
 d - a ring of resist corrosion (left hand)
Scrolls
 b - 2 scrolls of revelation {unknown}
 c - 2 scrolls of identify {unknown}
 f - a scroll of vulnerability {unknown}
Potions
 a - a potion of berserk rage {unknown}
 g - a potion of might {unknown}
 j - a potion of mutation {unknown}


   Skills:
 + Level 4.0 Fighting
 * Level 3.8 Axes
 - Level 3.1 Armour
 - Level 2.0 Dodging


You had 3 spell levels left.
You didn't know any spells.
Your spell library was empty.

Dungeon Overview and Level Annotations

Branches:
Dungeon (3/15)

Altars:


Innate Abilities, Weirdness & Mutations

You are immune to sickness and miasma.
Your stone body is resilient. (AC +3)
You are immune to poison.
You resist negative energy. (rN+)
You are resistant to electric shocks. (rElec)
You are resistant to unholy torment.
You are immune to petrification.


Message History

There is a stone staircase leading up here.
You now have 93 gold pieces (gained 10).
b - 2 scrolls labelled IMEMAE VOET (gained 1)
You open the door.
There is an open door here.
A bombardier beetle comes into view.
A bombardier beetle is nearby!
A bombardier beetle is nearby!
Found a scroll labelled XYNEUM OFRUIVU.
The bombardier beetle sprays incendiary fluid at you.
The burning spray hits you.
You are covered in liquid fire!
You hit the bombardier beetle.
The bombardier beetle is lightly wounded.
The liquid fire burns you!
You hit the bombardier beetle.
The bombardier beetle is moderately wounded.
The liquid fire burns you!
The bombardier beetle barely misses you.
You barely miss the bombardier beetle.
The bombardier beetle is moderately wounded.
The liquid fire burns you!
The bombardier beetle sprays incendiary fluid at you.
The burning spray hits you.
You are even more covered in liquid fire!
You hit the bombardier beetle.
You feel better.
The bombardier beetle is heavily wounded.
The liquid fire burns you!
You barely miss the bombardier beetle.
The bombardier beetle is heavily wounded.
The liquid fire burns you!
* * * LOW HITPOINT WARNING * * *
The bombardier beetle bites you.
* * * LOW HITPOINT WARNING * * *
You hit the bombardier beetle but do no damage.
The bombardier beetle is heavily wounded.
The liquid fire burns you!
* * * LOW HITPOINT WARNING * * *
The bombardier beetle bites you.
You die...

#.#################
#.# #...........#
#.# #...........#
#.# #...........#
#.# #.....$.....#
#.# #...........#
##.###...........###
#....'..............
######......@B......
#....?.........
######.........
#.........
........?.
...........
.......####
........#


You could see a bombardier beetle.

Vanquished Creatures
  Robin (D:2)
  An adder (D:2)
  4 orcs (D:2)
  4 bats
  3 endoplasms
  9 giant cockroaches (D:2)
  14 goblins
  11 hobgoblins
  2 jackals (D:2)
  2 quokkas
  6 ball pythons
  6 frilled lizards
  5 kobolds
68 creatures vanquished.

Notes
Turn   | Place    | Note
-------+----------+-------------------------------------------
     0 | D:1      | CougarLife the Gargoyle Berserker began the quest for the
                  | Orb.
     0 | D:1      | Reached XP level 1. HP: 14/14 MP: 1/1
   314 | D:1      | Reached XP level 2. HP: 19/19 MP: 2/2
  1049 | D:1      | Reached ** piety under Trog
  1050 | D:1      | Reached XP level 3. HP: 18/23 MP: 3/3
  1208 | D:1      | Found a faded altar of an unknown god.
  1577 | D:2      | Reached XP level 4. HP: 7/29 MP: 4/4
  1695 | D:2      | Noticed Robin
  1703 | D:2      | Killed Robin
  1760 | D:2      | Reached skill level 4 in Fighting
  2277 | D:3      | HP: 1/29 [burnt (3)]
  2277 | D:3      | Slain by a bombardier beetle

Illustrated notes

Levels and vault maps discovered:
D:1:      wander_arrival_peaceful_grave, layout_basic,
          shapermc_ecumenical_altar_mp_vishouse, roderic_roman_lattice
D:2:      minmay_roachtagon, layout_basic, uniq_robin
D:3:      layout_basic, uniq_terence

Skill      XL: |  1  2  3  4 |
---------------+-------------+-----
Armour         | 3 |  3.1
Dodging        | 2 |  2.0
Axes           | 3 |  3.8
Fighting       | 4 |  4.0

Action                     |  1- 3 |  4- 6 || total
---------------------------+-------+-------++-------
  Melee: Hand axe          |   171 |    72 ||   243
 Armour: Animal skin       |    61 |       ||    61
         Ring mail         |    55 |    60 ||   115
  Dodge: Dodged            |   123 |    42 ||   165

Table legend: (Time is in decaauts)
 A = Elapsed time spent in this place.
 B = Non-inter-level travel time spent in this place.
 C = Inter-level travel time spent in this place.
 D = Time resting spent in this place.
 E = Time spent auto-exploring this place.
 F = Levels seen in this place.
 G = Mean time per level.
                   A        B        C        D        E       F      G
               +--------+--------+--------+--------+--------+-----+--------+
         Total |   2312 |   2204 |    108 |    401 |   1334 |   3 |  770.7 |
       Dungeon |   2312 |   2204 |    108 |    401 |   1334 |   3 |  770.7 |
               +--------+--------+--------+--------+--------+-----+--------+

Top non-repeatable levels by time:
     D:1: 1435 daAuts
     D:2: 800 daAuts
     D:3: 76 daAuts
